 Dungeon Crawl Stone Soup version 0.30.1-3-gfc49f6343a (webtiles) character file.

Game seed: 18278867040793182070

760 leafyfresh the Covert (level 7, -2/60 HPs)
             Began as a Gnoll Delver on Aug 4, 2023.
             Was an Initiate of Ashenzari.
             Slain by a killer bee (5 damage)
             ... on level 5 of the Dungeon.
             The game lasted 00:11:11 (5403 turns).

leafyfresh the Covert (Gnoll Delver)                Turns: 5403, Time: 00:11:12

Health: -2/60      AC:  6    Str: 19    XL:     7   Next: 80%
Magic:  11/11      EV: 13    Int: 12    God:    Ashenzari [......]
Gold:   300        SH:  0    Dex: 13    Spells: 11/11 levels left

rFire   . . .        l - +5 rapier of the Slime-mould {heavy, Will+ Int+2}
rCold   . . .        (no shield)
rNeg    . . .        b - +0 leather armour
rPois   .            o - +0 helmet
rElec   .            z - +0 cloak
rCorr   .            (no gloves)
SInv    .            k - +0 pair of boots
Will    +....        (no amulet)
Stlth   ++++         A - +6 ring of strength
HPRegen 0.30/turn    (no ring)
MPRegen 0.12/turn

%: no passive effects
@: about to teleport
A: fangs 1, strong nose, distributed training
a: Renounce Religion


You were on level 5 of the Dungeon.
You worshipped Ashenzari.
Ashenzari was noncommittal.
You visited 2 branches of the dungeon, and saw 7 of its levels.

You collected 300 gold pieces.

Inventory:

Hand Weapons
 l - the +5 rapier of the Slime-mould (weapon) {heavy, Will+ Int+2}
   (You acquired it on level 4 of the Dungeon)

   Int:       It affects your intelligence (+2).
   Will:      It increases your willpower.
 n - a +0 mace of protection
 u - a +1 dagger of venom
 y - a +2 quarterstaff of chaos
Missiles
 j - 2 javelins (quivered)
Armour
 b - a +0 leather armour (worn)
 k - a +0 pair of boots (worn)
 o - a +0 helmet (worn)
 z - a +0 cloak (worn)
Jewellery
 A - a +6 ring of strength (left hand)
Wands
 g - a wand of digging (2)
 x - a wand of quicksilver (6)
Scrolls
 c - a scroll of fog
 d - a scroll of magic mapping
 e - a scroll of enchant weapon
 i - a scroll of acquirement
 m - a scroll of noise
 p - a scroll of poison
 s - a scroll of enchant armour {unknown}
 t - a scroll of amnesia {unknown}
 B - a scroll of vulnerability {unknown}
Potions
 a - 2 potions of lignification {unknown}
 f - 2 potions of haste
 q - 3 potions of brilliance
 r - 3 potions of mutation {unknown}
 v - a potion of heal wounds {unknown}
 w - 2 potions of flight {unknown}
 C - a potion of cancellation {unknown}


   Skills:
 + Level 7.2 Fighting
 + Level 5.4 Short Blades
 + Level 2.8 Long Blades
 + Level 2.8 Axes
 + Level 2.8 Maces & Flails
 + Level 2.8 Polearms
 + Level 2.8 Staves
 + Level 2.8 Ranged Weapons
 + Level 2.8 Throwing
 + Level 2.8 Armour
 + Level 5.4 Dodging
 + Level 10.0 Stealth
 + Level 2.8 Shields
 + Level 2.8 Unarmed Combat
 + Level 2.8 Spellcasting
 + Level 2.3 Conjurations
 + Level 2.3 Hexes
 + Level 2.3 Summonings
 + Level 2.3 Necromancy
 + Level 2.3 Translocations
 + Level 2.3 Transmutations
 + Level 2.3 Fire Magic
 + Level 2.3 Ice Magic
 + Level 2.3 Air Magic
 + Level 2.3 Earth Magic
 + Level 2.3 Poison Magic
 + Level 3.1 Invocations
 + Level 2.8 Evocations


You had 11 spell levels left.
You didn't know any spells.
Your spell library contained the following spells:

 Spells                   Type           Power      Damage    Failure   Level
 Cigotuvi's Dreadful Rot  Necr/Pois/Air  14%        N/A       17%         2
 Ignite Poison            Fire/Tmut/Pois 7%         N/A       34%         3
 Anguish                  Hex/Necr       3%         N/A       75%         4
 Cause Fear               Hex            3%         N/A       75%         4
 Freezing Cloud           Conj/Ice/Air   3%         6-21      97%         5
 Enfeeble                 Hex            3%         N/A       100%        7


Dungeon Overview and Level Annotations

Branches:
Dungeon (6/15)             Temple (1/1) D:5

Altars:
Ashenzari
Elyvilon
Fedhas
Gozag
Kikubaaqudgha
Okawaru
Qazlal
Ru
Trog
Uskayaw
Vehumet
Wu Jian
Xom
Yredelemnul
The Shining One

Annotations:
D:3 1 runed translucent door, jtron's ghost, weakling DESu
D:5 Duvessa; Eustachio; Sigmund


Innate Abilities, Weirdness & Mutations

You have very sharp teeth.
Your uncanny sense of smell can sniff out nearby items.
Your experience applies equally to all skills.


Message History

The killer bee poisons you!
Unknown command.
The killer bee attacks as you move away!
The killer bee completely misses you.
You feel sick. The killer bee misses you.
The killer bee attacks as you move away!
The killer bee closely misses you.
You feel sick. The killer bee stings you.
* * * LOW HITPOINT WARNING * * *
The killer bee completely misses you.
The killer bee attacks as you move away!
The killer bee stings you.
* * * LOW HITPOINT WARNING * * *
The killer bee attacks as you move away!
The killer bee barely misses you.
Your surroundings suddenly seem different.
You feel sick.
You feel sick.
Unknown command.
You feel sick.
You feel sick.
You feel sick.
You are no longer poisoned.
A killer bee comes into view.
The killer bee moves out of view.
The sentinel's mark upon you fades away.
The killer bee barely misses you.
There is a stone staircase leading up here.
The killer bee closely misses you. x2
The killer bee stings you but does no damage.
The killer bee barely misses you. x2; The killer bee misses you.
You climb upwards.
Level annotation: Duvessa; Eustachio; Sigmund
There is a stone staircase leading down here.
As you read the scroll of teleportation, it crumbles to dust.
You feel strangely unstable.
Eustachio shouts!
The killer bee stings you.
* * * LOW HITPOINT WARNING * * *
The killer bee stings you but does no damage.
The killer bee closely misses you. The killer bee stings you.
You die...

.... ....#..#......#. ....
................ ...
................
..#+###................
.##..................##. .
..'.....................
e...##.................<...
#....<..y................
#.........@................
##.......y.y............#..
##........................
##.......................
##.......#..@...........
##.###..#.............. ..
.... ............. .. #...
.... ........ .....


You could see Eustachio and 3 killer bees.

Vanquished Creatures
  Menkaure (D:5)
  A phantom (D:5)
  A kobold brigand (D:4)
  A bullfrog (D:6)
  A gnoll bouda (D:4)
  Crazy Yiuf (D:4)
  A sleepcap (D:4)
  2 iguanas
  2 orc wizards (D:4)
  11 gnolls
  5 adders
  2 ufetubi
  3 dart slugs
  5 orcs
  7 ball pythons
  5 endoplasms
  4 giant cockroaches
  4 goblins
  8 hobgoblins
  3 jackals (D:2)
  12 kobolds
  2 quokkas (D:3)
  3 bats
  3 frilled lizards (D:1)
  2 rats
90 creatures vanquished.

Notes
Turn   | Place    | Note
-------+----------+-------------------------------------------
     0 | D:5      | Reached skill level 9 in Stealth
     0 | D:5      | leafyfresh the Gnoll Delver began the quest for the Orb.
     0 | D:5      | Reached XP level 1. HP: 23/23 MP: 1/1
     2 | D:5      | Noticed Duvessa
   170 | D:3      | Reached XP level 2. HP: 21/29 MP: 2/2
   421 | D:3      | Reached XP level 3. HP: 35/35 MP: 3/3
   475 | D:3      | Found a runed translucent door.
   475 | D:3      | Noticed a bullfrog
   484 | D:3      | Noticed jtron's ghost (weakling DESu)
   531 | D:3      | Reached skill level 1 in Invocations
   540 | D:3      | Reached skill level 1 in Long Blades
   540 | D:3      | Reached skill level 1 in Axes
   540 | D:3      | Reached skill level 1 in Maces & Flails
   540 | D:3      | Reached skill level 1 in Polearms
   540 | D:3      | Reached skill level 1 in Staves
   540 | D:3      | Reached skill level 1 in Ranged Weapons
   540 | D:3      | Reached skill level 1 in Throwing
   540 | D:3      | Reached skill level 1 in Armour
   540 | D:3      | Reached skill level 1 in Shields
   540 | D:3      | Reached skill level 1 in Unarmed Combat
   540 | D:3      | Reached skill level 1 in Spellcasting
   540 | D:3      | Reached skill level 1 in Evocations
   558 | D:3      | Reached XP level 4. HP: 4/41 MP: 5/5
  1569 | D:1      | Reached skill level 1 in Conjurations
  1569 | D:1      | Reached skill level 1 in Hexes
  1569 | D:1      | Reached skill level 1 in Summonings
  1569 | D:1      | Reached skill level 1 in Necromancy
  1569 | D:1      | Reached skill level 1 in Translocations
  1569 | D:1      | Reached skill level 1 in Transmutations
  1569 | D:1      | Reached skill level 1 in Fire Magic
  1569 | D:1      | Reached skill level 1 in Ice Magic
  1569 | D:1      | Reached skill level 1 in Air Magic
  1569 | D:1      | Reached skill level 1 in Earth Magic
  1569 | D:1      | Reached skill level 1 in Poison Magic
  2506 | D:4      | Reached XP level 5. HP: 22/47 MP: 7/7
  2953 | D:4      | Found a runed translucent door.
  2954 | D:4      | Noticed Crazy Yiuf
  3033 | D:4      | Reached XP level 6. HP: 31/53 MP: 8/8
  3045 | D:4      | Reached skill level 5 in Short Blades
  3045 | D:4      | Reached skill level 5 in Dodging
  4065 | D:4      | Killed Crazy Yiuf
  4315 | D:5      | Noticed Eustachio
  4537 | D:5      | Reached XP level 7. HP: 50/60 MP: 10/10
  4540 | D:5      | Identified 2 scrolls of acquirement
  4602 | D:4      | Acquired the +5 rapier of the Slime-mould {heavy, Will+
                  | Int+2}
  4794 | D:5      | Noticed Menkaure
  4820 | D:5      | Killed Menkaure
  4821 | D:5      | Reached skill level 10 in Stealth
  4908 | D:5      | Noticed Sigmund
  4932 | D:5      | Found a staircase to the Ecumenical Temple.
  4983 | Temple   | Entered the Ecumenical Temple
  5084 | Temple   | Became a worshipper of Ashenzari the Shackled
  5204 | D:6      | Noticed a steam dragon
  5208 | D:6      | Found a radiant altar of Vehumet.
  5403 | D:5      | HP: 3/60 [killer bee (6)]
  5403 | D:5      | Slain by a killer bee

Illustrated notes

Levels and vault maps discovered:
D:1:      mainiacjoe_arrival_reflecting_pool, layout_rooms,
          grunt_decor_fettered, kennysheep_pointless_box
D:2:      layout_loops_ring, hex_large
D:3:      layout_basic, ebering_ghost_sewer_d, minivault_5
D:4:      layout_gridville, minmay_stone_trees_small, uniq_crazy_yiuf_cottage
D:5:      layout_basic, grunt_temple_overflow_diamond, temple_hall,
          uniq_menkaure, uniq_eustachio, uniq_sigmund, uniq_duvessa
D:6:      layout_cave_pools, nicolae_vehumet_radiance
Temple:   regret_index_temple_chain_breaker

Skill      XL: |  1  2  3  4  5  6  7 |
---------------+----------------------+-----
Stealth        | 10 | 10.0
Invocations    | 1 2 3 |  3.1
Long Blades    | 1 2 |  2.8
Axes           | 1 2 |  2.8
Maces & Flails | 1 2 |  2.8
Polearms       | 1 2 |  2.8
Staves         | 1 2 |  2.8
Ranged Weapons | 1 2 |  2.8
Throwing       | 1 2 |  2.8
Armour         | 1 2 |  2.8
Shields        | 1 2 |  2.8
Unarmed Combat | 1 2 |  2.8
Spellcasting   | 1 2 |  2.8
Evocations     | 1 2 |  2.8
Conjurations   | 1 2 |  2.3
Hexes          | 1 2 |  2.3
Summonings     | 1 2 |  2.3
Necromancy     | 1 2 |  2.3
Translocations | 1 2 |  2.3
Transmutations | 1 2 |  2.3
Fire Magic     | 1 2 |  2.3
Ice Magic      | 1 2 |  2.3
Air Magic      | 1 2 |  2.3
Earth Magic    | 1 2 |  2.3
Poison Magic   | 1 2 |  2.3
Short Blades   | 5 |  5.4
Dodging        | 5 |  5.4
Fighting       | 7 |  7.2

Action                     |  1- 3 |  4- 6 |  7- 9 || total
---------------------------+-------+-------+-------++-------
  Melee: Short sword       |    64 |    24 |       ||    88
         Bite              |     7 |    27 |     3 ||    37
         Punch             |     1 |     4 |       ||     5
         Dagger            |       |   159 |       ||   159
         Quarterstaff      |       |    24 |       ||    24
         Rapier            |       |       |    28 ||    28
  Evoke: Wand              |       |       |     1 ||     1
    Use: Scroll            |     1 |     1 |    12 ||    14
   Stab: Sleeping          |    11 |    22 |     1 ||    34
 Armour: Leather armour    |     6 |    43 |    15 ||    64
  Dodge: Dodged            |    27 |   111 |    51 ||   189
